 Dungeon Crawl Stone Soup version 0.31-a0-609-g7bf6ffcfed (webtiles) character file.

Game seed: 11587094354170206142

61995 BubbleThief the Metamorph (level 15, -18/202 HPs)
             Began as an Octopode Shapeshifter on Aug 21, 2023.
             Was the Champion of Elyvilon.
             Demolished by an orc warrior
             ... wielding a +0 scimitar
             ... led by an orc knight
              (21 damage)
             ... on level 2 of the Orcish Mines.
             The game lasted 00:35:39 (19909 turns).

BubbleThief the Metamorph (Octopode Shapeshifter)  Turns: 19909, Time: 00:35:40

Health: -18/202    AC: 12    Str: 35    XL:     15   Next: 4%
Magic:  11/41      EV: 13    Int: 14    God:    Elyvilon [******]
Gold:   1924       SH:  0    Dex: 14    Spells: 14/14 levels left

rFire   + +          +
                       - Unarmed
rCold   x . .        (shield currently unavailable)
rNeg    + . .        (helmet currently unavailable)
rPois   +            s - amulet of regeneration
rElec   .            d - ring of positive energy
rCorr   .            e - ring of magical power
SInv    .            x - ring of protection from fire
Will    +....        z - ring of Heufad Aqiss {rF+ Str+4 Int+4}
Stlth   +            F - +5 ring of evasion
HPRegen 1.33/turn    D - ring of protection from fire
MPRegen 0.27/turn    (no ring)
                     (no ring)

%: no passive effects
@: divinely vigorous, about to teleport, dragon-form, flying
A: dragon claw, dragon scales, breathe fire, flying, boosted hp, almost no
armour, amphibious, 8 rings, giant, (camouflage 1), (gelatinous body 1), (nimble
swimmer 1), (tentacles)
a: Breathe Fire, Begin Untransformation, Renounce Religion, Purification, Heal
Other, Heal Self, Divine Vigour


You were on level 2 of the Orcish Mines.
You worshipped Elyvilon.
Elyvilon was exalted by your worship.
You were a fearsome dragon!
You visited 4 branches of the dungeon, and saw 20 of its levels.
You also visited: Bailey and Ice Cave.

You collected 2164 gold pieces.
You spent 240 gold pieces at shops.

Inventory:

Missiles
 g - 13 curare-tipped darts (quivered)
Jewellery
 d - a ring of positive energy (left foreclaw)
 e - a ring of magical power (right foreclaw)
 s - an amulet of regeneration (around neck)
 x - a ring of protection from fire (on tentacle)
 z - the ring of Heufad Aqiss (on tentacle) {rF+ Str+4 Int+4}
   (You found it on level 9 of the Dungeon)

   [ring of protection from fire]

   Str+4:     It affects your strength (+4).
   Int+4:     It affects your intelligence (+4).
   rF+:       It protects you from fire.
 D - a ring of protection from fire (on tentacle)
 F - a +5 ring of evasion (on tentacle)
Talismans
 i - a dragon-blood talisman (active)
Wands
 b - a wand of flame (12)
 n - a wand of light (12)
 r - a wand of paralysis (23)
 A - a wand of roots (5)
 G - a wand of polymorph (2)
Scrolls
 f - 2 scrolls of identify
 l - a scroll of poison
 o - 7 scrolls of teleportation
 w - a scroll of silence
 y - 3 scrolls of fear
 H - a scroll of fog
Potions
 a - 5 potions of haste
 c - a potion of ambrosia
 h - 9 potions of curing
 j - 5 potions of cancellation
 k - 6 potions of invisibility
 m - 3 potions of might
 p - 2 potions of heal wounds
 q - 2 potions of magic
 t - 4 potions of enlightenment
 u - a potion of attraction {unknown}
 B - 2 potions of lignification
 E - a potion of resistance
 I - 2 potions of mutation
 J - 2 potions of brilliance
Miscellaneous
 v - a phantom mirror (inert)


   Skills:
 + Level 11.7 Fighting
 - Level 2.0 Dodging
 + Level 11.7 Unarmed Combat
 - Level 12.0 Invocations
 - Level 15.2 Shapeshifting


You had 14 spell levels left.
You didn't know any spells.
Your spell library contained the following spells:

 Spells                   Type           Power      Damage    Failure   Level
 Freeze                   Ice            0%         1d3       28%         1
 Call Imp                 Summ           0%         N/A       41%         2
 Cigotuvi's Dreadful Rot  Necr/Pois/Air  0%         N/A       41%         2
 Ensorcelled Hibernation  Hex/Ice        0%         N/A       41%         2
 Lesser Beckoning         Tloc           0%         N/A       41%         2
 Passwall                 Tmut/Erth      0%         N/A       41%         2
 Frozen Ramparts          Ice            0%         1d1       65%         3
 Gell's Gravitas          Tloc           0%         N/A       65%         3
 Hailstorm                Conj/Ice       0%         3d3       65%         3
 Ignite Poison            Fire/Tmut/Pois 0%         N/A       65%         3
 Swiftness                Air            0%         N/A       65%         3
 Teleport Other           Tloc           0%         N/A       65%         3
 Tukima's Dance           Hex            0%         N/A       65%         3
 Leda's Liquefaction      Hex/Erth       0%         N/A       96%         4
 Passage of Golubria      Tloc           0%         N/A       96%         4
 Freezing Cloud           Conj/Ice/Air   0%         6-21      100%        5
 Lee's Rapid Deconstruct  Erth           0%         3d4*      100%        5
 Yara's Violent Unravell  Hex/Tmut       0%         3d3       100%        5
 Conjure Ball Lightning   Conj/Air       0%         3x3d6     100%        6
 Leda's Unmaking          Conj/Erth      0%         9d1       100%        6
 Summon Cactus Giant      Summ           0%         N/A       100%        6
 Discord                  Hex            0%         N/A       100%        8
 Disjunction              Tloc           0%         N/A       100%        8
 Summon Horrible Things   Summ           0%         N/A       100%        8


Dungeon Overview and Level Annotations

Branches:
Dungeon (12/15)            Temple (1/1) D:5            Lair (5/5) D:9
  Swamp (0/4) Lair:3       Spider (0/4) Lair:3        Slime (0/5) Lair:5
    Orc (2/2) D:12         Bailey (visited)           IceCv (visited)
    Elf: Orc:2

Altars:
Ashenzari
Cheibriados
Dithmenos
Elyvilon
Fedhas
Gozag
Hepliaklqana
Kikubaaqudgha
Makhleb
Nemelex Xobeh
Okawaru
Qazlal
Ru
Sif Muna
Trog
Uskayaw
Vehumet
Wu Jian
Xom
Yredelemnul
Zin
The Shining One
Jiyva

Shops:
D:4 *

Annotations:
D:5 exclusion: vampire


Innate Abilities, Weirdness & Mutations

You are a fearsome dragon!
You have a powerful clawing attack.
Your giant scaled body is strong and resilient, but less evasive.
You can breathe fire.
You are flying.
Your maximum health is greatly increased.
Your armour is entirely melded.
You are incapable of wielding weapons or throwing items.
You cannot wear most types of armour.
You are amphibious.
You can wear up to eight rings at the same time.
((Your skin changes colour to match your surroundings (Stealth+).))
((Your rubbery body absorbs attacks. (AC +1, EV +1)))
((You are camouflaged when in or above water. (Stealth+)))
((You have tentacles for arms and can constrict up to eight enemies at once.))


Message History

The orc warrior closely misses you. The orc warrior completely misses you.
The orc wizard barely misses you. The orc warrior barely misses you.
The orc warrior hits you with a +0 battleaxe!!
* * * LOW HITPOINT WARNING * * *
You feel much better. The ogre misses you. The orc warrior barely misses you.
An orc comes into view. It is wielding a +0 hand axe.
The orc warrior hits you with a +0 battleaxe!
* * * LOW HITPOINT WARNING * * *
The orc wizard hits you but does no damage.
The orc warrior closely misses you.
The orc warrior hits you with a +0 battleaxe!
* * * LOW HITPOINT WARNING * * *
You claw the ogre!
You kill the ogre!
The orc warrior misses you.
Unknown command.
Press: ? - help, Dir - move target, f - orc warrior Heal: an orc warrior, wielding a +0 scimitar and wearing a +0 chain mail (strong, chance to pacify: 71%)
You are healed.
The orc warrior barely misses you.
The orc wizard hits you but does no damage.
The orc warrior hits you with a +0 long sword.
* * * LOW HITPOINT WARNING * * *
The orc warrior hits you with a +0 battleaxe!!
* * * LOW HITPOINT WARNING * * *
The orc warrior hits you with a +0 scimitar!!
Elyvilon protects you from harm!
The orc warrior hits you with a +0 scimitar.
* * * LOW HITPOINT WARNING * * *
As you read the scroll of teleportation, it crumbles to dust.
You feel strangely unstable.
The orc warrior no longer looks unusually strong.
The orc warrior closely misses you.
The orc warrior hits you with a +0 long sword!
* * * LOW HITPOINT WARNING * * *
The orc warrior closely misses you.
The orc knight roars a battlecry!
The orc warriors go into a battle-frenzy!
The orc warrior barely misses you.
The orc warrior hits you with a +0 scimitar!!
You die...

#..## #.# # #....# #.# #
#..... ##.# #
#....#####..# +
##......#....# #
##+#..#.........#########
.........................
....#...o...##.#.########
......ooDo........# #
....#..ooo.....#.## #
........o##...#### # ##
....#o)........# #. #.
...o..........## ...##
............### ..#..
.....<.......# .....
.............# .....
............... .....


You could see an orc knight, 5 orc warriors, an orc wizard (strong) and 3 orcs.

Vanquished Creatures
  An orc warlord (Orc:2)
  An eleionoma (Lair:3)
  Josephine (D:11)
  A fire dragon (Lair:5)
  A catoblepas (D:11)
  2 hydras
  2 two-headed ogres
  3 boulder beetles
  6 death yaks
  A tengu warrior (D:11)
  An orc high priest (Orc:1)
  Amaemon (D:8)
  A skeletal warrior (D:11)
  2 skysharks
  A fire crab (Lair:5)
  Lodul (D:11)
  2 orc knights (Orc:2)
  An ugly thing (D:8)
  A deep elf pyromancer (D:12)
  An oklob plant (Lair:5)
  3 manticores
  12 elephants
  A cyclops (D:12)
  5 black mambas
  2 molten gargoyles (Lair:5)
  An orange demon (D:8)
  An unseen horror (D:10)
  3 gargoyles
  Psyche (D:8)
  6 cane toads
  12 komodo dragons
  A tengu conjurer (D:9)
  4 rime drakes
  5 trolls
  Prince Ribbit (D:6)
  A polar bear (Lair:2)
  18 blink frogs
  6 dream sheep
  A shadow (D:12)
  3 vampires
  10 wraiths
  6 slime creatures
  20 yaks
  8 wyverns
  7 basilisks
  3 steam dragons
  2 vampire mosquitoes (D:12)
  5 wargs
  13 water moccasins
  4 hell hounds (Lair:5)
  An acid dragon (D:11)
  37 orc warriors
  2 sky beasts
  2 ice beasts
  3 black bears
  15 ogres
  11 wolves (Lair:5)
  2 centaurs
  5 kobold brigands
  Blork the orc (D:5)
  12 bullfrogs
  8 scorpions
  9 wights (D:8)
  12 killer bees
  3 howler monkeys (D:8)
  2 electric eels
  5 lava snakes (Lair:5)
  3 hounds
  4 jellies
  18 orc priests
  2 sleepcaps
  A gnoll bouda (D:8)
  4 iguanas
  25 orc wizards
  5 gnolls
  6 acid dragon simulacra (IceCv)
  12 adders
  3 shadow imps
  3 ufetubi (D:5)
  4 steam dragon simulacra (IceCv)
  4 worms
  2 dart slugs (D:3)
  88 orcs
  6 ball pythons
  7 endoplasms
  5 giant cockroaches
  13 hobgoblins
  34 kobolds
  6 quokkas
  4 bats
  2 frilled lizards
  15 goblins
  4 rats
606 creatures vanquished.

Vanquished Creatures (collateral kills)
  A hydra (Lair:5)
  2 yaks (Lair:5)
  An orc warrior (Orc:2)
4 creatures vanquished.

Grand Total: 610 creatures vanquished

Notes
Turn   | Place    | Note
-------+----------+-------------------------------------------
     0 | D:1      | BubbleThief the Octopode Shapeshifter began the quest for
                  | the Orb.
     0 | D:1      | Reached XP level 1. HP: 13/13 MP: 1/1
   355 | D:1      | Reached XP level 2. HP: 16/18 MP: 2/2
  1047 | D:2      | Got Bejasiof's Catalogue of the Productive Blizzard
  1087 | D:2      | Reached XP level 3. HP: 11/24 MP: 3/3
  1522 | D:2      | Reached XP level 4. HP: 29/30 MP: 4/4
  1794 | D:3      | Found a faded altar of an unknown god.
  2119 | D:3      | Reached XP level 5. HP: 29/36 MP: 5/5
  2540 | D:4      | Reached skill level 5 in Unarmed Combat
  2750 | D:4      | Reached XP level 6. HP: 29/43 MP: 6/6
  3182 | D:4      | Found an opulent altar of Gozag.
  3305 | D:4      | Found Athewun's General Store.
  3340 | D:4      | Bought 2 potions of haste for 240 gold pieces
  3597 | D:4      | Found a broken altar of Ashenzari.
  3659 | D:5      | Entered Level 5 of the Dungeon
  3822 | D:5      | Noticed a black bear
  3838 | D:5      | Killed a black bear
  3839 | D:5      | Reached skill level 5 in Fighting
  3839 | D:5      | Reached XP level 7. HP: 32/50 MP: 7/7
  3971 | D:5      | Found a staircase to the Ecumenical Temple.
  3989 | Temple   | Entered the Ecumenical Temple
  4010 | Temple   | Became a worshipper of Elyvilon the Healer
  4629 | D:5      | Noticed Blork the orc
  4635 | D:5      | Killed Blork the orc
  4689 | D:5      | Reached XP level 8. HP: 8/57 MP: 8/8
  5038 | D:5      | Noticed a vampire
  5364 | D:6      | Noticed Prince Ribbit
  5389 | D:6      | Killed Prince Ribbit
  5506 | D:6      | Reached * piety under Elyvilon
  5670 | D:6      | Found a glowing silver altar of Zin.
  5670 | D:6      | Found a basalt altar of Yredelemnul.
  6032 | D:7      | Found an ancient bone altar of Kikubaaqudgha.
  6169 | D:7      | Reached XP level 9. HP: 46/66 MP: 9/9
  6339 | D:7      | Found a flagged portal.
  6358 | Bailey   | Entered a bailey
  6367 | Bailey   | Reached ** piety under Elyvilon
  7652 | D:5      | Found a glowing golden altar of the Shining One.
  7857 | D:8      | Noticed Psyche
  7863 | D:8      | Killed Psyche
  7864 | D:8      | Reached skill level 10 in Unarmed Combat
  7908 | D:8      | Reached XP level 10. HP: 76/76 MP: 10/10
  7964 | D:8      | Noticed Amaemon
  7964 | D:8      | Noticed an orange demon
  7983 | D:8      | Killed Amaemon
  7984 | D:8      | Reached skill level 10 in Fighting
  7985 | D:8      | Killed an orange demon
  7986 | D:8      | Reached skill level 4 in Shapeshifting
  8179 | D:8      | Identified the +2 battleaxe "Xetrorryon" {venom, Fragile
                  | +Blink MP+9 Str-2}
  8268 | D:8      | Reached skill level 5 in Shapeshifting
  8285 | D:8      | Reached *** piety under Elyvilon
  8322 | D:8      | Noticed a gargoyle
  8329 | D:8      | Killed a gargoyle
  8406 | D:8      | Found a burning altar of Makhleb.
  8600 | D:8      | Reached skill level 6 in Shapeshifting
  8678 | D:8      | Noticed a purple ugly thing
  8689 | D:8      | Killed a purple ugly thing
  8690 | D:8      | Reached skill level 7 in Shapeshifting
  8845 | D:8      | Noticed a manticore
  8853 | D:8      | Killed a manticore
  8854 | D:8      | Reached XP level 11. HP: 10/82 MP: 11/11
  9021 | D:8      | Reached skill level 8 in Shapeshifting
  9107 | D:8      | Noticed a manticore
  9115 | D:8      | Killed a manticore
  9548 | D:9      | Noticed a boulder beetle
  9563 | D:9      | Killed a boulder beetle
  9618 | D:9      | Identified the ring of Heufad Aqiss {rF+ Str+4 Int+4}
  9636 | D:9      | Reached skill level 9 in Shapeshifting
  9779 | D:9      | Found a staircase to the Lair.
 10051 | D:9      | Reached **** piety under Elyvilon
 10363 | Lair:1   | Entered Level 1 of the Lair of Beasts
 10451 | Lair:1   | Found a frozen archway.
 10461 | IceCv    | Entered an ice cave
 11006 | Lair:1   | Reached XP level 12. HP: 90/90 MP: 12/12
 11011 | Lair:1   | Reached skill level 10 in Shapeshifting
 11202 | Lair:1   | Reached ***** piety under Elyvilon
 11668 | Lair:2   | Reached skill level 11 in Shapeshifting
 11761 | Lair:2   | Noticed a four-headed hydra
 11766 | Lair:2   | Noticed a skyshark
 11777 | Lair:2   | Killed a skyshark
 11944 | Lair:2   | Noticed a death yak
 11944 | Lair:2   | Noticed a death yak
 11967 | Lair:2   | Noticed a death yak
 11967 | Lair:2   | Noticed a death yak
 11969 | Lair:2   | Noticed a death yak
 11969 | Lair:2   | Noticed a death yak
 11979 | Lair:1   | Killed a death yak
 12119 | Lair:2   | Reached skill level 12 in Shapeshifting
 12467 | Lair:2   | Killed an eight-headed hydra
 12585 | Lair:2   | Killed a death yak
 12600 | Lair:2   | Killed a death yak
 12643 | Lair:2   | Killed a death yak
 12644 | Lair:2   | Reached skill level 13 in Shapeshifting
 12644 | Lair:2   | Reached XP level 13. HP: 75/95 MP: 13/13
 12789 | Lair:3   | Found a staircase to the Swamp.
 12791 | Lair:3   | Noticed an eleionoma
 12798 | Lair:3   | Killed an eleionoma
 12973 | Lair:3   | Found a hole to the Spider Nest.
 12988 | Lair:3   | Reached skill level 14 in Shapeshifting
 13215 | Lair:3   | Reached ****** piety under Elyvilon
 14669 | Lair:5   | Entered Level 5 of the Lair of Beasts
 14955 | Lair:5   | Reached skill level 15 in Shapeshifting
 14991 | Lair:5   | Reached skill level 1 in Invocations
 15143 | Lair:5   | Found a staircase to the Slime Pits.
 15143 | Lair:5   | Found a viscous altar of Jiyva.
 15164 | Lair:5   | HP: 4/142 [rime drake/icy flash freeze (25)]
 15165 | Lair:5   | Elyvilon protects you from harm!
 15373 | Lair:5   | Reached XP level 14. HP: 101/101 MP: 17/17
 15397 | Lair:5   | Reached skill level 5 in Invocations
 15444 | Lair:5   | Found a large runed translucent door.
 15444 | Lair:5   | Found a large runed translucent door.
 16262 | D:10     | Entered Level 10 of the Dungeon
 17018 | D:11     | Noticed Lodul
 17136 | D:11     | Killed Lodul
 17136 | D:11     | Noticed Josephine
 17144 | D:11     | Killed Josephine
 17240 | D:11     | Reached skill level 10 in Invocations
 17285 | D:11     | Found the +5 scythe "Finisher" {speed, execute}
 18235 | D:12     | Found a staircase to the Orcish Mines.
 18757 | Orc:1    | Entered Level 1 of the Orcish Mines
 19353 | Orc:2    | Entered Level 2 of the Orcish Mines
 19374 | Orc:2    | Noticed an orc warlord
 19397 | Orc:2    | Killed an orc warlord
 19685 | Orc:2    | Reached XP level 15. HP: 107/107 MP: 24/24
 19905 | Orc:2    | HP: 6/202 [orc warrior/+0 battleaxe[an orc knight] (18)]
 19908 | Orc:2    | Elyvilon protects you from harm!
 19909 | Orc:2    | Demolished by an orc warrior

Illustrated notes

Levels and vault maps discovered:
D:1:      dpeg_arrival_ternary, layout_loops_corners
D:2:      minmay_recursive_quarters, layout_basic
D:3:      minmay_chambers_of_twos, layout_rooms,
          hellmonk_ecumenical_altar_pennies_from_heaven, grunt_ministairs_2,
          minmay_misc_feat_diagonals, serial_bayou_pond_c,
          kennysheep_generic_room_10
D:4:      layout_layer_cave, ashenzari_altar_1, mainiacjoe_overflow_brackets,
          serial_shops, shop, nrook_mini_vaults, kennysheep_generic_room_5
D:5:      layout_basic, nicolae_tso_swordbearing_angel, temple_pool_b,
          minmay_small_thing, uniq_blork_the_orc
D:6:      layout_loops_ring, gammafunk_temple_overflow_wave,
          serial_bayou_pond_e, serial_park_tiny_2, uniq_prince_ribbit1
D:7:      layout_basic, nicolae_kikubaaqudgha_miasma_corner,
          lightli_bailey_entry_fortress
D:8:      nzn_winding_woodlands_cross [nzn_winding_woodlands_5x15_sawtooth,
          nzn_winding_woodlands_5x15_sidewinder,
          nzn_winding_woodlands_5x15_split_checker,
          nzn_winding_woodlands_5x15_twine,
          nzn_winding_woodlands_15x15_five_gardens], layout_gridville,
          kennysheep_mini_moat, uniq_amaemon, uniq_psyche
D:9:      layout_basic, dpeg_oklobed_lair, minmay_diamond_spiral
D:10:     layout_stronghold, nrook_loot_triangle
D:11:     layout_basic, st_stairs_11, minmay_guarded_unrand_finisher,
          uniq_lodul, uniq_josephine
D:12:     layout_cave_pools, hiddenorc2_lemuel, nooodl_orcs_dogs
Temple:   nicolae_temple_superstar
Lair:1:   layout_loops_ring, portal_ice_cave_entry_pillars_2,
          lemuel_fruit_fields, grunt_megastairs_3
Lair:2:   layout_hall_layers, infiniplex_staircase_pool_2
Lair:3:   layout_roguey, alex1729_swamp_entry_worm_eleionoma,
          nicolae_spider_entry_non_spiders, infiniplex_staircase_pool
Lair:4:   layout_small_grid
Lair:5:   cheibrodos_lair_end_hotspot, layout_regular_city, slime_entry_1
Orc:1:    nicolae_orc_accident_1, layout_caves, basic_altar
Orc:2:    grunt_orc_community_town_hall, layout_caves,
          grunt_orc_community_big_house_2, grunt_orc_community_big_house_2,
          grunt_orc_community_house_1, grunt_orc_community_house_1,
          grunt_orc_community_house_3, grunt_orc_community_house_3,
          grunt_orc_community_house_3, grunt_orc_community_house_2

Skill      XL: |  1  2  3  4  5  6  7  8  9 10 11 12 13 14 |
---------------+-------------------------------------------+-----
Fighting       | 2 3 4 5 6 7 9 10 11 | 11.7
Unarmed Combat | 4 5 6 7 8 10 11 | 11.7
Shapeshifting  | 7 9 13 15 | 15.2
Invocations    | 4 12 | 12.0
Dodging        | |  2.0

Action                     |  1- 3 |  4- 6 |  7- 9 | 10-12 | 13-15 || total
---------------------------+-------+-------+-------+-------+-------++-------
  Melee: Unarmed           |    51 |   139 |   193 |   388 |   620 ||  1391
         Constrict         |    12 |    31 |    46 |    69 |       ||   158
         Tentacles         |     5 |    20 |    54 |    83 |       ||   162
         Punch             |     1 |     4 |    13 |    28 |    37 ||    83
         Maw               |       |       |       |    92 |       ||    92
         Tailslap          |       |       |       |     7 |    87 ||    94
         Bite              |       |       |       |     5 |    67 ||    72
  Throw: Dart              |       |       |       |    12 |       ||    12
 Invoke: Heal Self         |       |       |       |       |     3 ||     3
         Divine Vigour     |       |       |       |       |     1 ||     1
Ability: Breathe Fire      |       |       |       |       |     4 ||     4
  Evoke: Wand              |       |       |       |    12 |       ||    12
         Phantom mirror    |       |       |       |     1 |     2 ||     3
    Use: Potion            |       |     4 |       |     5 |     2 ||    11
         Scroll            |       |     5 |     7 |     3 |    10 ||    25
   Stab: Sleeping          |     8 |     7 |     6 |     2 |     2 ||    25
         Invisible         |       |       |       |     2 |       ||     2
 Armour: Skin              |     3 |    46 |     8 |    36 |   243 ||   336
  Dodge: Dodged            |    24 |    47 |    77 |   188 |   405 ||   741
  Block: Other             |       |    17 |     7 |       |       ||    24
   Form: Maw               |       |       |       |     1 |       ||     1
         Dragon            |       |       |       |     1 |       ||     1

Table legend: (Time is in decaauts)
 A = Elapsed time spent in this place.
 B = Non-inter-level travel time spent in this place.
 C = Inter-level travel time spent in this place.
 D = Time resting spent in this place.
 E = Time spent auto-exploring this place.
 F = Levels seen in this place.
 G = Mean time per level.
                   A        B        C        D        E       F      G
               +--------+--------+--------+--------+--------+-----+--------+
         Total |  19640 |  18642 |    998 |    988 |  13854 |  22 |  892.7 |
       Dungeon |  12293 |  11735 |    558 |    522 |   9143 |  12 | 1024.4 |
        Temple |     42 |      4 |     38 |      0 |      0 |   1 |   42.0 |
          Lair |   5548 |   5204 |    344 |    281 |   3844 |   5 | 1109.6 |
  Orcish Mines |   1122 |   1064 |     58 |    151 |    650 |   2 |  561.0 |
        Bailey |    382 |    382 |      0 |     12 |    114 |   1 |  382.0 |
      Ice Cave |    250 |    250 |      0 |     21 |    103 |   1 |  250.0 |
               +--------+--------+--------+--------+--------+-----+--------+

Top non-repeatable levels by time:
     D:5: 1534 daAuts
     D:8: 1489 daAuts
  Lair:5: 1352 daAuts
     D:7: 1297 daAuts
     D:4: 1223 daAuts
  Lair:2: 1118 daAuts
  Lair:1: 1066 daAuts
  Lair:4: 1029 daAuts
  Lair:3: 981 daAuts
     D:6: 969 daAuts
     D:1: 969 daAuts
     D:9: 899 daAuts
    D:11: 894 daAuts
    D:10: 832 daAuts
     D:2: 796 daAuts
